 Dungeon Crawl Stone Soup version 0.23-a0-151-gf6d1ed2 (webtiles) character file.

91 Amnesiac the Chiller (level 4, -1/30 HPs)
             Began as a Mummy Ice Elementalist on Sept 8, 2018.
             Slain by a gnoll
             ... wielding a +0 spear
              (2 damage)
             ... on level 4 of the Dungeon.
             The game lasted 00:01:44 (827 turns).

Amnesiac the Chiller (Mummy Ice Elementalist)        Turns: 827, Time: 00:01:45

Health: -1/30      AC:  2    Str: 11    XL:     4   Next: 33%
Magic:  2/9        EV: 12    Int: 15    God:
Gold:   72         SH:  0    Dex: 12    Spells: 6/10 levels left

rFire    x . .     SeeInvis .   b - +0 dagger
rCold    + . .     Gourm    .   (no shield)
rNeg     + + +     Faith    .   a - +0 robe
rPois    ∞         Spirit   .   (no helmet)
rElec    .         Reflect  .   (no cloak)
rCorr    .         Harm     .   (no gloves)
MR       .....                  (no boots)
Stlth    ++........             (no amulet)
HPRegen  0.10/turn              c - ring of wizardry
MPRegen  0.11/turn              (no ring)

@: no status effects
A: no food or potions, fire vulnerability, cold resistance 1, negative energy
resistance 3, torment resistance, unbreathing
a: no special abilities


You were on level 4 of the Dungeon.
You were not hungry.

You visited 1 branch of the dungeon, and saw 4 of its levels.

You collected 72 gold pieces.

Inventory:

Hand Weapons
 b - a +0 dagger (weapon)
Armour
 a - a +0 robe (worn)
Jewellery
 c - a ring of wizardry (left hand)
Scrolls
 d - a scroll of teleportation {!r, unknown}
 e - 2 scrolls of identify {!r, unknown}
 f - a scroll of remove curse {!r, unknown}


   Skills:
 - Level 1.5 Dodging
 - Level 1.5 Stealth
 + Level 3.8 Spellcasting
   Level 0.7 Conjurations
 * Level 3.8 Ice Magic


You had 6 spell levels left.
You knew the following spells:

 Your Spells              Type           Power        Failure   Level  Hunger
a - Freeze                Ice            ##..         1%          1    N/A
b - Ozocubu's Armour      Chrm/Ice       #.......     11%         3    N/A

Your spell library contained the following spells:

 Spells                   Type           Power        Failure   Level  Hunger
 Throw Frost              Conj/Ice       #.....       4%          2    N/A
 Throw Icicle             Conj/Ice       #.......     26%         4    N/A
 Summon Ice Beast         Ice/Summ       #.......     32%         4    N/A

Dungeon Overview and Level Annotations

Branches:
Dungeon (4/15)
 Temple: D:4-7

Altars:
Sif Muna


Innate Abilities, Weirdness & Mutations

You do not eat or drink.
Your flesh is vulnerable to fire.
You are immune to poison.
Your flesh is cold resistant. (rC+)
You are immune to negative energy. (rN+++)
You are immune to unholy pain and torment.
You can survive without breathing.


Message History

The gnoll hits you.
Unknown command.
Casting: Freeze (safe; 1% risk of failure)
Confirm with . or Enter, or press ? or * to list all spells.
Aiming: Freeze (safe; 1% risk of failure)
Press: ? - help, Shift-Dir - straight line, f/p - gnoll
Aim: a gnoll (moderately wounded)
You freeze the gnoll.
The gnoll is heavily wounded.
Something bites the plant but does no damage.
Something hits the plant but does no damage.
The gnoll hits you.
Unknown command.
Casting: Freeze (safe; 1% risk of failure)
Confirm with . or Enter, or press ? or * to list all spells.
Aiming: Freeze (safe; 1% risk of failure)
Press: ? - help, Shift-Dir - straight line, f/p - gnoll
Aim: a gnoll (heavily wounded)
You freeze the gnoll.
The gnoll is almost dead.
Something bites the plant.
Something hits the plant but does no damage.
The gnoll hits you!
* * * LOW HITPOINT WARNING * * *
Unknown command.
Casting: Freeze (safe; 1% risk of failure)
Confirm with . or Enter, or press ? or * to list all spells.
Aiming: Freeze (safe; 1% risk of failure)
Press: ? - help, Shift-Dir - straight line, f/p - gnoll
Aim: a gnoll (almost dead)
You freeze the gnoll.
You kill the gnoll!
Unknown command.
You start resting.
The gnoll is too close now for your liking.
Casting: Freeze (safe; 1% risk of failure)
Confirm with . or Enter, or press ? or * to list all spells.
Aiming: Freeze (safe; 1% risk of failure)
Press: ? - help, Shift-Dir - straight line, f - gnoll
Aim: a gnoll, wielding a spear You freeze the gnoll.
The gnoll is lightly wounded.
The gnoll hits you with a spear!
* * * LOW HITPOINT WARNING * * *
Unknown command.
Casting: Freeze (safe; 1% risk of failure)
Confirm with . or Enter, or press ? or * to list all spells.
Aiming: Freeze (safe; 1% risk of failure)
Press: ? - help, Shift-Dir - straight line, f/p - gnoll
Aim: a gnoll, wielding a spear (lightly wounded)
You freeze the gnoll.
The gnoll is moderately wounded.
The gnoll hits you with a spear.
* * * LOW HITPOINT WARNING * * *
Unknown command.
Casting: Freeze (safe; 1% risk of failure)
Confirm with . or Enter, or press ? or * to list all spells.
Aiming: Freeze (safe; 1% risk of failure)
Press: ? - help, Shift-Dir - straight line, f/p - gnoll
Aim: a gnoll, wielding a spear (moderately wounded)
You freeze the gnoll.
The gnoll is moderately wounded.
The gnoll hits you with a spear.
You die...

#####......♣.♣##.# ♣. ...
#.##♣♣..♣.♣P###♣♣. ♣P. .
#####.#♣P♣♣♣♣.P.PP♣..♣♣♣P.♣♣PP
...#..P§§♣♣♣P...♣..PP♣P....P.
<.....♣§♣♣.♣.♣..♣P♣......P.#..
......P♣§♣.PP♣.♣♣♣P.♣..P.....[
....♣P..♣P.♣.♣♣.♣PPP.♣...#..._
.....♣PP♣.♣P.♣.P♣gP♣†..S...../
....♣.♣♣.♣.♣.♣♣.@♣..P.g....#..
......P.♣♣♣♣♣♣P♣.♣..†♣P..8...♣
###<...♣♣ ♣P♣.P.♣.P♣♣♣.P♣..P
####..♣ ♣♣♣.♣.♣..♣ ♣..P.♣ ##.♣
♣P♣♣♣..♣ ♣♣.♣♣ .# .♣ ♣§♣♣ .♣
.# ♣ §♣( . .# § ♣ ..


You could see a gnoll.

Vanquished Creatures
  A bullfrog (D:4)
  A gnoll (D:4)
  An adder (D:4)
  A leopard gecko (D:1)
  3 goblins
  2 kobolds (D:1)
  3 quokkas (D:4)
12 creatures vanquished.

Notes
Turn   | Place    | Note
-------+----------+-------------------------------------------
     0 | D:1      | Amnesiac the Mummy Ice Elementalist began the quest for the
                  | Orb.
     0 | D:1      | Reached XP level 1. HP: 13/13 MP: 4/4
   282 | D:2      | Reached XP level 2. HP: 19/19 MP: 1/5
   377 | D:4      | Noticed a bullfrog
   401 | D:4      | Killed a bullfrog
   401 | D:4      | Reached XP level 3. HP: 1/24 MP: 0/8
   401 | D:4      | Reached XP level 4. HP: 2/30 MP: 0/9
   406 | D:4      | Learned a level 3 spell: Ozocubu's Armour
   807 | D:4      | Found a deep blue altar of Sif Muna.
   826 | D:4      | HP: 1/30 [gnoll/spear (3)]
   827 | D:4      | Slain by a gnoll

Vault maps used:
D:1:      minmay_arrival_solitary_statue, minmay_crystal_water,
          supply_closet_lemuel, minmay_misc_feat_chi
D:2:      grunt_temple_overflow_growth_and_decay, grunt_temple_overflow_open,
          first_ration
D:4:      wad_woods_stonehenge

Skill      XL: |  1  2 |
---------------+-------+-----
Spellcasting   | 3 |  3.8
Ice Magic      | 3 |  3.8
Dodging        | |  1.5
Stealth        | |  1.5
Conjurations   | |  0.7

Action                   |  1- 3 |  4- 6 || total
-------------------------+-------+-------++-------
Melee: Dagger            |     6 |     2 ||     8
 Cast: Freeze            |    18 |    16 ||    34
Armor: Robe              |     2 |     2 ||     4
Dodge: Dodged            |    18 |     1 ||    19

Table legend:
 A = Non-vault XP
 B = Vault XP
 C = Vault XP percentage of total XP
 D = Non-vault monster count
 E = Vault monster count
 F = Vault count percentage of total count
                 A         B        C        D         E       F
            +---------+---------+-------+---------+---------+-------
      Total |      97 |      33 |  25.4 |       7 |       5 |  41.7
            +---------+---------+-------+---------+---------+-------
        D:1 |      10 |       0 |   0.0 |       5 |       0 |   0.0
        D:2 |       2 |       0 |   0.0 |       1 |       0 |   0.0
        D:4 |      85 |      33 |  28.0 |       1 |       5 |  83.3
            +---------+---------+-------+---------+---------+-------
